Map: [EWC] Oceanborn

Players

Classic

  • Race: Protoss Protoss
  • Spawn Location: 5:00

Oliveira - Winner!

  • Race: Terran Terran
  • Spawn Location: 11:00

Event: Esports World Cup 2024

VOD

Have the link to the VOD?

Description

Time

  • Played on: Aug. 17, 2024, 6:49 a.m.
  • Length: 6:38

All games in this series

Show
View Real Time Build Order
Export as new Build Order

Classic Protoss 

Build Orders: 1 Gate Expand, Phoenix Opening 

Get SALT Encoding   

  12  0:00  Probe  
  13  0:12  Probe  
  14  0:17  Pylon  
  14  0:24  Probe (Chrono Boost)  
  15  0:36  Probe (Chrono Boost)  
  15  0:37  Gateway  
  16  0:45  Assimilator, Probe (Chrono Boost)  
  17  0:51  Probe  
  18  1:03  Probe  
  19  1:15  Probe  
  20  1:24  Cybernetics Core  
  20  1:40  Assimilator, Nexus  
  20  1:45  Pylon  
  20  1:48  Probe  
  21  2:00  Adept (Chrono Boost), Probe  
  24  2:12  Probe  
  24  2:14  Stargate  
  25  2:23  Stalker  
  25  2:25  Probe  
  28  2:30  Warp Gate  
  28  2:37  Probe  
  29  2:47  Shield Battery  
  29  2:50  Probe  
  30  2:52  Probe  
  30  2:53  Stalker  
  33  3:00  Phoenix (Chrono Boost)  
  35  3:06  Probe  
  35  3:08  Probe  
  37  3:16  Phoenix (Chrono Boost)  
  39  3:21  Probe x2  
  41  3:30  Pylon  
  40  3:47  Probe x2 (Chrono Boost)  
  37  3:54  Phoenix  
  36  3:59  Probe x2 (Chrono Boost)  
  38  4:06  Assimilator  
  38  4:08  Probe x2 (Chrono Boost)  
  40  4:13  Probe  
  40  4:14  Probe  
  42  4:22  Nexus  
  42  4:25  Probe  
  42  4:26  Probe  
  44  4:35  Twilight Council  
  44  4:39  Probe x2 (Chrono Boost)  
  44  4:43  Sentry  
  48  4:46  Pylon  
  48  4:49  Probe x2 (Chrono Boost)  
  50  4:54  Probe (Chrono Boost)  
  50  4:55  Probe  
  50  4:58  Charge (Chrono Boost)  
  52  5:02  Gateway  
  52  5:05  Probe  
  52  5:06  Gateway  
  53  5:14  Stalker  
  55  5:21  Gateway  
  55  5:24  Gateway  
  55  5:30  Gateway  
  55  5:34  Gateway  
  55  5:40  Sentry  
  55  5:46  Pylon  
  55  5:49  Shield Battery  
  55  6:00  Zealot  
  55  6:01  Zealot, Phoenix (Chrono Boost)  
  59  6:05  Zealot  
  59  6:08  Pylon  
  61  6:18  Zealot x2  
  61  6:23  Zealot x2  
  57  6:26  Zealot x2  
  57  6:29  Zealot  
Show
View Real Time Build Order
Export as new Build Order

Oliveira Terran - Winner!

Build Orders:  

Get SALT Encoding   

  12  0:00  SCV  
  13  0:12  SCV  
  14  0:17  Supply Depot  
  14  0:24  SCV  
  15  0:29  Refinery  
  15  0:38  SCV  
  16  0:45  Barracks  
  16  0:51  SCV  
  17  1:03  SCV  
  18  1:09  Engineering Bay  
  18  1:15  SCV  
  19  1:32  Orbital Command, Marine  
  20  1:37  Factory  
  20  1:45  Supply Depot  
  20  1:50  Barracks Reactor  
  20  1:57  SCV  
  21  2:10  SCV  
  22  2:16  Command Center  
  26  2:30  Hellion x2  
  26  2:33  Supply Depot  
  26  2:35  Reaper  
  31  2:51  Hellion x2  
  32  2:58  SCV  
  32  3:00  Barracks  
  32  3:05  Refinery  
  32  3:09  Barracks Tech Lab  
  32  3:14  SCV  
  33  3:26  SCV, Barracks  
  34  3:30  Orbital Command  
  34  3:38  Siege Tank  
  37  3:46  Marine  
  37  3:47  Marine  
  32  3:50  Orbital Command  
  32  3:54  Barracks Tech Lab  
  30  3:57  SCV  
  31  4:05  Marine x2  
  31  4:09  SCV  
  34  4:10  Cyclone  
  34  4:11  Bunker  
  34  4:12  Stimpack  
  34  4:16  SCV  
  38  4:19  Barracks Tech Lab, Marine  
  38  4:22  SCV  
  39  4:25  Marine x2  
  39  4:28  SCV  
  42  4:36  SCV  
  42  4:38  Combat Shield, Marine x2  
  44  4:41  SCV  
  44  4:42  Supply Depot  
  45  4:48  Siege Tank  
  45  4:49  Marine  
  45  4:51  Marine  
  50  4:56  Marauder  
  50  4:59  Marauder  
  54  5:02  Supply Depot  
  54  5:07  Marine  
  54  5:09  Marine  
  54  5:11  SCV x2  
  58  5:17  Marauder  
  58  5:20  Marauder  
  62  5:24  Siege Tank  
  62  5:27  Engineering Bay  
  65  5:30  Supply Depot  
  65  5:41  Marine x3  
  65  5:42  Marine  
  69  5:43  SCV  
  70  5:51  SCV  
  70  5:53  Supply Depot  
  70  5:55  SCV  
  69  5:59  Marine  
  69  6:00  Marine x2  
  69  6:01  Marauder  
  74  6:10  SCV  
  78  6:15  Starport  
  78  6:17  Supply Depot  
Tags
 
Add a new tag
Caveats
  • Supply blocks, unpowered buildings, or Contaminate may cause inaccurate times.
  • Supply counts are checked every 10 seconds.